 Dungeon Crawl Stone Soup version 0.18-a0-19-g8b99b3a (webtiles) character file.

284 mrath the Digger (level 6, 0/32 HPs)
             Began as a Gargoyle Earth Elementalist on Nov 1, 2015.
             Slain by a centaur (6 damage)
             ... on level 5 of the Dungeon.
             The game lasted 00:42:59 (5691 turns).

mrath the Digger (Gargoyle Earth Elementalist)      Turns: 5691, Time: 00:42:59

Health: 0/32       AC:  8    Str: 11    XL:     6   Next: 29%
Magic:  8/12       EV: 12    Int: 18    God:
Gold:   147        SH:  0    Dex: 10    Spells: 3 memorised, 7 levels left

rFire  . . .     SeeInvis .     G - +3 long sword
rCold  . . .     Clarity  .     b - +0 robe
rNeg   + . .     SustAt   .     (no shield)
rPois  ∞         Gourm    .     x - +1 helmet
rElec  +         Spirit   .     (no cloak)
rCorr  .         Warding  .     (no gloves)
rMut   .         Stasis   +     (no boots)
MR     .....                    i - amulet of stasis
Stlth  ++........               (no ring)
                                m - ring of invisibility

@: not resistant to hostile enchantments, unstealthy
A: negative energy resistance 1, electricity resistance, unbreathing,
petrification resistance, rot immunity, AC +4
a: Evoke Invisibility


You were on level 5 of the Dungeon.
You were not hungry.

You visited 1 branch of the dungeon, and saw 5 of its levels.

You collected 147 gold pieces.

Inventory:

Hand Weapons
 f - a +0 hand axe
 r - a +0 dagger of draining
 y - a +0 hunting sling
 A - a +0 blowgun
 C - a +0 whip
 G - a +3 long sword (weapon)
Missiles
 a - 135 stones (quivered)
 j - 32 sling bullets
 q - 11 poisoned needles
Armour
 b - a +0 robe (worn)
 x - a +1 helmet (worn)
Jewellery
 i - an amulet of stasis (around neck)
 m - a ring of invisibility (left hand)
Wands
 t - a wand of magic darts (36)
 F - a wand of flame (18)
Scrolls
 e - a scroll of blinking {unknown}
 g - 4 scrolls of remove curse {unknown}
 h - 3 scrolls of teleportation {unknown}
 k - a scroll of fog {unknown}
 l - a scroll of recharging {unknown}
 o - 5 scrolls of identify {unknown}
 v - 4 scrolls of noise {unknown}
 w - a scroll of magic mapping {unknown}
 z - 2 scrolls of random uselessness {unknown}
 B - 2 scrolls of enchant armour {unknown}
 D - 2 scrolls of immolation {unknown}
Potions
 d - 2 potions of heal wounds {unknown}
 n - a potion of curing {unknown}
 u - a potion of haste {unknown}
Books
 c - a book of Geomancy

   Spells                             Type                      Level
   a - Sandblast                      Earth                        1
   b - Stoneskin                      Transmutation/Earth          2
   c - Passwall                       Transmutation/Earth          3
   d - Stone Arrow                    Conjuration/Earth            3
   e - Petrify                        Transmutation/Earth          4
   f - Lee's Rapid Deconstruction     Earth                        5
Comestibles
 p - 3 bread rations
 s - 4 fruits
 E - 4 chunks of flesh


   Skills:
 - Level 1.5 Dodging
 - Level 2.1 Stealth
 * Level 4.4 Spellcasting
 + Level 2.8 Conjurations
 - Level 0.7 Transmutations
 + Level 5.2 Earth Magic


You had 7 spell levels left.
You knew the following spells:

 Your Spells              Type           Power        Failure   Level  Hunger
a - Sandblast             Erth           ###...       1%          1    None
b - Stoneskin             Trmt/Erth      ##......     8%          2    #......
c - Stone Arrow           Conj/Erth      ###...       10%         3    ###....


Dungeon Overview and Level Annotations

Branches:
Dungeon (5/15)
 Temple: D:4-7

Altars:
Ashenzari


Innate Abilities, Weirdness & Mutations

You are resistant to torment.
Your stone body is resilient (AC +4).
You are immune to poison.
You resist negative energy.
You are resistant to electric shocks.
You can survive without breathing.
You are immune to petrification.
You are immune to rotting.


Message History

G - a +3 long sword (weapon)
The centaur misses you.
You closely miss the centaur.
The centaur is severely wounded.
The centaur hits you. The centaur closely misses you.
You barely miss the centaur.
The centaur is severely wounded.
The centaur completely misses you. The centaur hits you.
You barely miss the centaur.
The centaur is severely wounded.
The centaur barely misses you. The centaur hits you.
* * * LOW HITPOINT WARNING * * *
You hit the centaur but do no damage.
The centaur is severely wounded.
The centaur barely misses you.
The centaur hits you but does no damage.
You closely miss the centaur.
The centaur is severely wounded.
The centaur hits you.
You die...

.. #.### ..#_# #
..8(#.# ##.(.....
#h....... #5h.8.#
#c# #@# #.# #)#
#.# ##.##
####...#####
#............
#.#..........
#####...#########


You could see a centaur, a shadow imp and 2 jackals.

Vanquished Creatures
  4 hounds
  5 adders
  2 oozes
  2 worms
  4 giant geckos
  3 orcs
  7 bats
  2 giant cockroaches
  11 goblins
  9 hobgoblins
  23 jackals
  12 kobolds
  2 quokkas (D:2)
  6 rats
92 creatures vanquished.

Notes
Turn   | Place    | Note
--------------------------------------------------------------
     0 | D:1      | mrath the Gargoyle Earth Elementalist began the quest for the Orb.
     0 | D:1      | Reached XP level 1. HP: 10/10 MP: 3/3
   248 | D:1      | Reached XP level 2. HP: 4/15 MP: 0/5
   710 | D:1      | Reached skill level 4 in Earth Magic
   793 | D:1      | Reached XP level 3. HP: 19/19 MP: 2/7
   843 | D:1      | Learned a level 2 spell: Stoneskin
   847 | D:1      | Learned a level 3 spell: Stone Arrow
  2165 | D:2      | Reached XP level 4. HP: 24/24 MP: 6/8
  2173 | D:2      | Reached skill level 1 in Conjurations
  3265 | D:3      | Reached XP level 5. HP: 26/28 MP: 4/10
  5073 | D:4      | Reached skill level 5 in Earth Magic
  5073 | D:4      | Reached XP level 6. HP: 32/32 MP: 6/12
  5601 | D:5      | Entered Level 5 of the Dungeon
  5676 | D:5      | Found a shattered altar of Ashenzari.
  5691 | D:5      | Slain by a centaur

Vault maps used:
D:1:      minmay_arrival_nine_rooms
D:2:      first_bread
D:4:      amethyst_killhole
D:5:      lemuel_upstairs_altar, minitemple

Action                   |  1- 3 |  4- 6 || total
-------------------------+-------+-------++-------
Melee: Hand axe          |     6 |    16 ||    22
       Long sword        |       |     5 ||     5
 Fire: Hunting sling     |       |    15 ||    15
       Blowgun           |       |    71 ||    71
Throw: Stone             |       |     1 ||     1
 Cast: Sandblast         |    56 |    99 ||   155
 Stab: Sleeping          |       |     9 ||     9
       Distracted        |       |     2 ||     2
  Eat: Bread ration      |     1 |       ||     1
       Chunk             |       |     9 ||     9
       Fruit             |       |     1 ||     1
